[ AOE2 MATCH · #464106918 ]
UnrankedBritons vs Britons
[ REPLAY ANALYSIS · EXTRACTED FROM THE RECORDED GAME ]
Feudal
10:32
Castle
19:52
Imperial
—
| APM avg | 7.7 |
| APM peak | 30 |
| eAPM avg | 5.7 |
| Villagers / military | 69 / 53 |
Focus
⚔️ 28.4% · 🌾 71.6%
Militia ×27 · Longbowman ×16 · Spearman ×8 · Monk ×2
Feudal
19:51
Castle
28:58
Imperial
42:44
| APM avg | 13.8 |
| APM peak | 31 |
| eAPM avg | 10.8 |
| Villagers / military | 209 / 248 |
Focus
⚔️ 30.7% · 🌾 69.3%
Cavalry Archer ×156 · Skirmisher ×35 · Rattan Archer ×28 · Trade Cart ×18 · Bombard Cannon ×16 · Militia ×12
Feudal
16:01
Castle
29:01
Imperial
41:27
| APM avg | 19.1 |
| APM peak | 81 |
| eAPM avg | 15.8 |
| Villagers / military | 115 / 263 |
Focus
⚔️ 47.7% · 🌾 52.3%
Knight ×83 · Longbowman ×73 · Spearman ×65 · Scorpion ×17 · Fishing Ship ×13 · Trebuchet (Packed) ×12
Feudal
15:08
Castle
21:08
Imperial
34:43
| APM avg | 15.9 |
| APM peak | 119 |
| eAPM avg | 12.2 |
| Villagers / military | 109 / 22 |
Focus
⚔️ 16.6% · 🌾 83.4%
Knight ×20 · Trade Cart ×9 · Monk ×2
Feudal
13:06
Castle
19:32
Imperial
45:40
| APM avg | 12.6 |
| APM peak | 26 |
| eAPM avg | 10.4 |
| Villagers / military | 98 / 45 |
Focus
⚔️ 34.4% · 🌾 65.6%
Unknown (2579) ×67 · Archer ×21 · Battering Ram ×11 · Trade Cart ×10 · Monk ×6 · Trebuchet (Packed) ×5
Feudal
12:03
Castle
18:13
Imperial
35:52
| APM avg | 21.9 |
| APM peak | 53 |
| eAPM avg | 17.7 |
| Villagers / military | 127 / 152 |
Focus
⚔️ 33.0% · 🌾 67.0%
Knight ×106 · Teutonic Knight ×16 · Scorpion ×14 · Battering Ram ×7 · Bombard Cannon ×4 · Monk ×3
Match map
Initial resources + every placement click. Lines = walls · curves = elevation contours. ◆ gold · ⬟ stone · ● berries · ✦ relic · ◌ wall gap
Your base· ✓ Closed at 19:52 · 13t walls · no gate
Lence4's base· ✓ Closed at 28:58 · 41t walls · 2 gate(s)
dangoca's base· ✓ Closed at 29:01 · 58t walls · no gate
Cruzcerro3's base· ✓ Closed at 21:08 · 35t walls · no gate
danielcfelipe's base· ✓ Closed at 19:32 · 35t walls · 1 gate(s)
Lord Desolus's base· ✓ Closed at 18:13 · 11t walls · 1 gate(s)
Smoothed initial terrain · ◌ = detected wall gap · hover for details
Inputs per minute
— Mike_love - - Lence4
Build order — Mike_love
First 150 of 195 actions detected
| 0:01 | Create | Villager (Male) |
| 0:02 | Create | Villager (Male) |
| 0:05 | Build | House |
| 0:08 | Build | House |
| 0:11 | Create | Villager (Male) |
| 0:11 | Create | Villager (Male) |
| 1:30 | Create | Villager (Male) |
| 2:17 | Create | Villager (Male) |
| 2:18 | Create | Villager (Male) |
| 2:51 | Create | Villager (Male) |
| 3:18 | Create | Villager (Male) |
| 3:27 | Create | Villager (Male) |
| 3:28 | Create | Villager (Male) |
| 3:28 | Create | Villager (Male) |
| 3:55 | Create | Villager (Male) |
| 4:15 | Build | House |
| 4:37 | Build | Mill |
| 4:42 | Create | Villager (Male) |
| 4:42 | Create | Villager (Male) |
| 5:39 | Build | House |
| 6:17 | Create | Villager (Male) |
| 6:18 | Create | Villager (Male) |
| 6:18 | Create | Villager (Male) |
| 6:44 | Build | Lumber Camp |
| 7:13 | Create | Villager (Male) |
| 7:14 | Create | Villager (Male) |
| 8:04 | Build | Mining Camp |
| 8:20 | Research | Feudal Age |
| 8:29 | Build | Mining Camp |
| 8:55 | Build | House |
| 9:38 | Build | Farm |
| 9:39 | Build | Farm |
| 9:50 | Build | Farm |
| 9:55 | Build | Farm |
| 10:00 | Build | Farm |
| 10:32 | Age | Feudal Age |
| 10:35 | Research | Wheelbarrow |
| 10:40 | Research | Double-Bit Axe |
| 10:44 | Research | Horse Collar |
| 11:08 | Create | Villager (Male) |
| 11:55 | Create | Villager (Male) |
| 12:39 | Create | Villager (Male) |
| 12:41 | Create | Villager (Male) |
| 12:44 | Build | Farm |
| 13:11 | Build | Farm |
| 13:14 | Create | Villager (Male) |
| 13:26 | Create | Villager (Male) |
| 13:35 | Build | House |
| 13:52 | Build | Blacksmith |
| 13:57 | Build | Farm |
| 14:02 | Create | Villager (Male) |
| 14:21 | Build | Farm |
| 14:23 | Build | Farm |
| 14:28 | Build | Farm |
| 14:32 | Build | Farm |
| 14:36 | Build | Farm |
| 14:39 | Build | Farm |
| 14:43 | Create | Villager (Male) |
| 14:53 | Build | Market |
| 14:58 | Build | Farm |
| 15:02 | Create | Villager (Male) |
| 15:03 | Create | Villager (Male) |
| 15:46 | Create | Villager (Male) |
| 16:01 | Research | Stone Mining |
| 16:03 | Research | Gold Mining |
| 16:05 | Build | Farm |
| 16:10 | Create | Villager (Male) |
| 16:35 | Build | Farm |
| 16:39 | Create | Villager (Male) |
| 16:48 | Build | House |
| 16:51 | Build | House |
| 17:12 | Research | Castle Age |
| 17:25 | Build | House |
| 17:28 | Build | House |
| 17:31 | Build | House |
| 17:56 | Build | Stone Wall |
| 18:50 | Build | House |
| 18:55 | Build | House |
| 19:52 | Age | Castle Age |
| 19:53 | Research | Hand Cart |
| 20:00 | Build | Town Center |
| 20:07 | Research | Bow Saw |
| 20:09 | Research | Heavy Plow |
| 20:11 | Research | Gold Shaft Mining |
| 20:12 | Create | Villager (Male) |
| 20:13 | Create | Villager (Male) |
| 20:26 | Build | Stone Wall |
| 20:33 | Build | Farm |
| 20:46 | Build | Monastery |
| 21:10 | Create | Villager (Male) |
| 21:11 | Create | Villager (Male) |
| 21:12 | Create | Villager (Male) |
| 22:04 | Build | Farm |
| 22:07 | Create | Monk |
| 22:10 | Create | Villager (Male) |
| 22:22 | Create | Villager (Male) |
| 22:23 | Create | Villager (Male) |
| 22:45 | Build | Stone Wall |
| 22:54 | Create | Villager (Male) |
| 22:54 | Create | Villager (Male) |
| 22:55 | Create | Villager (Male) |
| 22:55 | Create | Villager (Male) |
| 22:56 | Create | Villager (Male) |
| 22:57 | Create | Villager (Male) |
| 22:57 | Create | Villager (Male) |
| 22:58 | Create | Villager (Male) |
| 22:58 | Create | Villager (Male) |
| 23:24 | Create | Villager (Male) |
| 23:31 | Build | Mining Camp |
| 23:47 | Build | Castle |
| 24:23 | Build | Barracks |
| 24:40 | Create | Villager (Male) |
| 25:03 | Create | Villager (Male) |
| 25:03 | Create | Villager (Male) |
| 25:08 | Build | Barracks |
| 25:12 | Create | Militia |
| 25:13 | Create | Militia |
| 25:15 | Research | Man-at-Arms (upgrade) |
| 25:15 | Research | Gambesons |
| 25:31 | Build | Barracks |
| 25:43 | Create | Militia |
| 25:45 | Create | Longbowman |
| 25:46 | Create | Longbowman |
| 25:46 | Create | Longbowman |
| 26:11 | Build | Barracks |
| 26:17 | Create | Longbowman |
| 26:17 | Create | Longbowman |
| 26:19 | Create | Militia |
| 26:20 | Create | Militia |
| 26:20 | Create | Militia |
| 26:24 | Create | Longbowman |
| 26:25 | Create | Longbowman |
| 26:30 | Build | Barracks |
| 26:38 | Research | Forging |
| 26:39 | Research | Scale Mail Armor |
| 26:39 | Research | Padded Archer Armor |
| 26:41 | Research | Fletching |
| 26:58 | Create | Militia |
| 26:59 | Create | Militia |
| 27:01 | Research | Long Swordsman (upgrade) |
| 27:18 | Create | Monk |
| 27:30 | Create | Longbowman |
| 27:31 | Create | Longbowman |
| 27:31 | Create | Longbowman |
| 27:36 | Create | Militia |
| 27:36 | Create | Militia |
| 27:37 | Create | Militia |
| 27:58 | Create | Villager (Male) |
| 27:59 | Create | Villager (Male) |
| 27:59 | Create | Villager (Male) |
Build order — Lence4
First 150 of 358 actions detected
| 0:05 | Create | Villager (Male) |
| 0:06 | Create | Villager (Male) |
| 0:06 | Create | Villager (Male) |
| 0:06 | Create | Villager (Male) |
| 0:06 | Create | Villager (Male) |
| 0:07 | Create | Villager (Male) |
| 0:18 | Build | House |
| 0:18 | Build | House |
| 0:19 | Build | House |
| 0:23 | Build | Mill |
| 2:05 | Research | Loom |
| 3:01 | Create | Villager (Male) |
| 3:01 | Create | Villager (Male) |
| 4:04 | Create | Villager (Male) |
| 4:04 | Create | Villager (Male) |
| 4:20 | Build | Palisade Wall |
| 5:20 | Build | Palisade Wall |
| 5:28 | Create | Villager (Male) ×2 |
| 5:28 | Create | Villager (Male) ×2 |
| 5:45 | Build | Lumber Camp |
| 5:57 | Create | Villager (Male) |
| 5:58 | Create | Villager (Male) |
| 5:58 | Create | Villager (Male) |
| 6:35 | Create | Villager (Male) |
| 6:36 | Create | Villager (Male) |
| 7:13 | Create | Villager (Male) |
| 7:13 | Create | Villager (Male) |
| 7:28 | Create | Villager (Male) |
| 7:28 | Create | Villager (Male) |
| 8:16 | Create | Villager (Male) |
| 8:16 | Create | Villager (Male) |
| 8:16 | Create | Villager (Male) |
| 8:25 | Build | Barracks |
| 8:58 | Create | Militia |
| 8:58 | Create | Militia |
| 8:58 | Create | Militia |
| 9:04 | Create | Villager (Male) |
| 9:04 | Create | Villager (Male) |
| 9:04 | Create | Villager (Male) |
| 9:13 | Build | House |
| 9:37 | Create | Villager (Male) |
| 9:37 | Create | Villager (Male) |
| 9:54 | Create | Villager (Male) |
| 9:54 | Create | Villager (Male) |
| 9:54 | Create | Villager (Male) |
| 10:17 | Build | House |
| 10:22 | Create | Villager (Male) ×2 |
| 10:22 | Create | Villager (Male) ×2 |
| 11:17 | Build | Mining Camp |
| 11:24 | Create | Villager (Male) |
| 11:24 | Create | Villager (Male) |
| 11:24 | Create | Villager (Male) |
| 11:52 | Create | Militia |
| 12:15 | Create | Militia |
| 12:15 | Create | Militia |
| 12:33 | Build | House |
| 12:48 | Create | Militia |
| 12:48 | Create | Militia |
| 12:54 | Create | Villager (Male) |
| 12:55 | Create | Villager (Male) |
| 12:55 | Create | Villager (Male) |
| 12:55 | Create | Villager (Male) |
| 13:06 | Create | Militia |
| 13:28 | Build | House |
| 13:32 | Create | Militia |
| 14:13 | Create | Militia |
| 14:13 | Create | Militia |
| 14:43 | Create | Villager (Male) |
| 14:43 | Create | Villager (Male) |
| 14:44 | Create | Villager (Male) |
| 15:15 | Build | House |
| 15:22 | Build | Farm |
| 15:29 | Build | Lumber Camp |
| 16:03 | Build | House |
| 16:36 | Build | Palisade Wall |
| 16:42 | Build | Farm |
| 17:02 | Build | Palisade Wall |
| 17:41 | Research | Feudal Age |
| 17:47 | Build | Farm |
| 17:51 | Build | Farm |
| 17:57 | Build | Farm |
| 18:02 | Build | Farm |
| 18:19 | Build | Palisade Gate |
| 18:51 | Build | Mining Camp |
| 19:51 | Age | Feudal Age |
| 20:04 | Research | Wheelbarrow |
| 20:05 | Create | Villager (Male) |
| 20:10 | Research | Double-Bit Axe |
| 20:14 | Research | Horse Collar |
| 20:22 | Build | Mining Camp |
| 20:53 | Build | Market |
| 21:33 | Build | Blacksmith |
| 22:08 | Create | Villager (Male) ×5 |
| 22:08 | Create | Villager (Male) ×5 |
| 22:08 | Create | Villager (Male) ×5 |
| 22:22 | Create | Trade Cart ×5 |
| 22:22 | Create | Trade Cart ×5 |
| 22:22 | Create | Trade Cart ×5 |
| 22:23 | Create | Trade Cart ×3 |
| 22:37 | Build | Stone Wall |
| 22:43 | Build | Gate |
| 22:50 | Build | Farm |
| 22:57 | Research | Stone Mining |
| 22:57 | Research | Gold Mining |
| 23:00 | Research | Gold Mining |
| 23:07 | Build | Farm |
| 23:37 | Build | Farm |
| 23:41 | Create | Villager (Male) |
| 23:41 | Create | Villager (Male) |
| 23:41 | Create | Villager (Male) |
| 23:42 | Create | Villager (Male) |
| 23:42 | Create | Villager (Male) |
| 23:52 | Build | House |
| 23:53 | Build | House |
| 23:54 | Build | House |
| 23:55 | Build | House |
| 23:55 | Build | House |
| 23:57 | Build | House |
| 24:03 | Build | Lumber Camp |
| 24:11 | Build | Farm |
| 24:14 | Create | Villager (Male) |
| 24:14 | Create | Villager (Male) |
| 24:19 | Build | Farm |
| 24:40 | Build | Archery Range |
| 24:57 | Build | Farm |
| 25:13 | Build | Farm |
| 25:46 | Build | Farm |
| 26:07 | Build | Farm |
| 26:14 | Research | Castle Age |
| 26:15 | Research | Castle Age |
| 26:24 | Build | Farm |
| 27:09 | Research | Stone Mining |
| 27:21 | Build | Stone Wall |
| 27:49 | Build | House |
| 27:50 | Build | House |
| 27:52 | Build | House |
| 28:19 | Build | Mining Camp |
| 28:58 | Age | Castle Age |
| 29:00 | Create | Cavalry Archer ×5 |
| 29:00 | Create | Cavalry Archer ×5 |
| 29:00 | Create | Cavalry Archer ×5 |
| 29:06 | Research | Hand Cart |
| 29:07 | Create | Villager (Male) ×5 |
| 29:07 | Create | Villager (Male) ×5 |
| 29:07 | Create | Villager (Male) ×5 |
| 29:32 | Research | Fletching |
| 29:58 | Research | Heavy Plow |
| 30:07 | Build | Town Center |
| 30:20 | Research | Bodkin Arrow |
| 30:31 | Build | Monastery |
Build order — dangoca
First 150 of 544 actions detected
| 0:31 | Build | House |
| 0:31 | Create | Villager (Male) |
| 0:32 | Research | Loom |
| 0:32 | Create | Villager (Male) |
| 0:32 | Create | Villager (Male) |
| 0:32 | Create | Villager (Male) |
| 0:33 | Create | Villager (Male) |
| 0:33 | Create | Villager (Male) |
| 1:38 | Build | Palisade Wall |
| 1:51 | Build | Palisade Wall |
| 2:57 | Build | Palisade Wall |
| 3:16 | Build | House |
| 3:18 | Build | House |
| 3:19 | Build | House |
| 3:27 | Create | Villager (Male) |
| 3:27 | Create | Villager (Male) |
| 3:28 | Create | Villager (Male) |
| 4:21 | Build | Palisade Wall |
| 4:33 | Create | Villager (Male) |
| 4:34 | Create | Villager (Male) |
| 4:34 | Create | Villager (Male) |
| 5:36 | Create | Villager (Male) |
| 7:22 | Create | Villager (Male) |
| 7:23 | Create | Villager (Male) |
| 7:23 | Create | Villager (Male) |
| 7:58 | Create | Villager (Male) |
| 8:48 | Create | Villager (Male) |
| 8:48 | Create | Villager (Male) |
| 8:48 | Create | Villager (Male) |
| 8:48 | Create | Villager (Male) |
| 8:49 | Create | Villager (Male) |
| 8:49 | Create | Villager (Male) |
| 8:49 | Create | Villager (Male) |
| 9:45 | Create | Villager (Male) |
| 9:45 | Create | Villager (Male) |
| 9:46 | Create | Villager (Male) |
| 9:46 | Create | Villager (Male) |
| 10:49 | Create | Villager (Male) |
| 10:49 | Create | Villager (Male) |
| 10:49 | Create | Villager (Male) |
| 10:49 | Create | Villager (Male) |
| 10:49 | Create | Villager (Male) |
| 12:14 | Build | Mill |
| 13:09 | Build | Lumber Camp |
| 13:51 | Research | Feudal Age |
| 13:51 | Research | Feudal Age |
| 14:19 | Build | House |
| 14:21 | Build | House |
| 14:22 | Build | House |
| 14:23 | Build | House |
| 15:23 | Build | Palisade Wall |
| 16:01 | Age | Feudal Age |
| 16:19 | Build | Barracks |
| 16:28 | Research | Horse Collar |
| 16:54 | Build | Mining Camp |
| 16:59 | Research | Double-Bit Axe |
| 17:02 | Create | Villager (Male) |
| 17:03 | Research | Town Watch |
| 17:04 | Create | Villager (Male) |
| 17:04 | Create | Villager (Male) |
| 17:04 | Create | Villager (Male) |
| 17:04 | Create | Villager (Male) |
| 17:05 | Create | Villager (Male) |
| 17:05 | Create | Villager (Male) |
| 17:05 | Create | Villager (Male) |
| 17:56 | Build | Farm |
| 17:57 | Build | Farm |
| 17:58 | Build | Farm |
| 18:00 | Build | Farm |
| 18:06 | Research | Man-at-Arms (upgrade) |
| 18:13 | Build | Farm |
| 18:20 | Build | Farm |
| 18:37 | Create | Militia |
| 18:38 | Create | Militia |
| 18:38 | Create | Militia |
| 18:54 | Build | Farm |
| 19:11 | Build | House |
| 19:12 | Build | House |
| 19:14 | Build | House |
| 19:19 | Build | Farm |
| 19:36 | Create | Militia |
| 19:36 | Create | Militia |
| 19:36 | Create | Militia |
| 19:37 | Create | Militia |
| 19:37 | Create | Militia |
| 19:37 | Create | Militia |
| 20:22 | Build | Watch Tower |
| 20:43 | Build | Stone Wall |
| 20:51 | Build | Stone Wall |
| 21:10 | Build | Farm |
| 21:11 | Build | Farm |
| 21:13 | Build | Farm |
| 21:14 | Build | Farm |
| 21:17 | Build | Farm |
| 21:20 | Create | Villager (Male) |
| 21:20 | Create | Villager (Male) |
| 21:20 | Create | Villager (Male) |
| 21:20 | Create | Villager (Male) |
| 21:21 | Create | Villager (Male) |
| 21:21 | Create | Villager (Male) |
| 21:21 | Create | Villager (Male) |
| 21:21 | Create | Villager (Male) |
| 21:22 | Create | Villager (Male) |
| 21:45 | Build | House |
| 21:46 | Build | House |
| 22:40 | Build | House |
| 23:15 | Build | Dock |
| 24:07 | Create | Fishing Ship |
| 24:07 | Create | Fishing Ship |
| 24:08 | Create | Fishing Ship |
| 24:08 | Create | Fishing Ship |
| 24:23 | Build | Stable |
| 24:32 | Create | Fishing Ship |
| 24:52 | Build | Lumber Camp |
| 25:06 | Create | Villager (Male) |
| 25:07 | Create | Villager (Male) |
| 25:07 | Create | Villager (Male) |
| 25:07 | Create | Villager (Male) |
| 25:29 | Build | Blacksmith |
| 25:58 | Build | Mining Camp |
| 26:06 | Research | Castle Age |
| 26:32 | Create | Fishing Ship |
| 26:52 | Build | Mining Camp |
| 27:09 | Build | Farm |
| 29:01 | Age | Castle Age |
| 29:15 | Build | Town Center |
| 29:17 | Research | Heavy Plow |
| 29:18 | Create | Villager (Male) |
| 29:18 | Create | Villager (Male) |
| 29:19 | Create | Villager (Male) |
| 29:19 | Create | Villager (Male) |
| 29:19 | Create | Villager (Male) |
| 29:19 | Create | Villager (Male) |
| 29:20 | Create | Villager (Male) |
| 29:20 | Create | Villager (Male) |
| 29:20 | Create | Villager (Male) |
| 29:20 | Create | Villager (Male) |
| 29:36 | Build | Town Center |
| 30:21 | Create | Villager (Male) |
| 30:22 | Create | Villager (Male) |
| 30:22 | Create | Villager (Male) |
| 30:22 | Create | Villager (Male) |
| 30:22 | Create | Villager (Male) |
| 30:23 | Create | Villager (Male) |
| 30:33 | Research | Bow Saw |
| 30:45 | Create | Fishing Ship |
| 30:45 | Create | Fishing Ship |
| 30:45 | Create | Fishing Ship |
| 30:52 | Create | Villager (Male) |
| 30:53 | Create | Villager (Male) |
Build order — Cruzcerro3
First 150 of 236 actions detected
| 0:02 | Create | Villager (Male) |
| 0:03 | Create | Villager (Male) |
| 0:03 | Create | Villager (Male) |
| 0:05 | Build | House |
| 0:06 | Build | House |
| 0:42 | Research | Loom |
| 1:03 | Create | Villager (Male) ×2 |
| 1:22 | Build | Palisade Wall |
| 1:27 | Build | Palisade Wall |
| 2:54 | Create | Villager (Male) |
| 3:27 | Create | Villager (Male) ×2 |
| 3:27 | Create | Villager (Male) ×2 |
| 5:01 | Create | Villager (Male) |
| 6:08 | Create | Villager (Male) ×4 |
| 7:19 | Create | Villager (Male) |
| 7:19 | Create | Villager (Male) |
| 7:24 | Build | House |
| 7:26 | Build | House |
| 8:49 | Create | Villager (Male) ×5 |
| 8:56 | Build | Lumber Camp |
| 9:46 | Build | Mill |
| 10:07 | Build | Lumber Camp |
| 11:06 | Build | House |
| 11:08 | Build | House |
| 11:14 | Research | Feudal Age |
| 11:16 | Create | Villager (Male) |
| 11:16 | Create | Villager (Male) |
| 11:21 | Create | Villager (Male) |
| 11:21 | Create | Villager (Male) |
| 12:26 | Build | Mining Camp |
| 12:33 | Create | Villager (Male) |
| 12:33 | Research | Feudal Age |
| 12:37 | Build | Mining Camp |
| 13:04 | Create | Villager (Male) ×3 |
| 14:09 | Build | Palisade Wall |
| 14:12 | Build | Palisade Wall |
| 15:08 | Age | Feudal Age |
| 15:42 | Build | Market |
| 16:04 | Build | Blacksmith |
| 16:11 | Build | Farm |
| 16:12 | Build | Farm |
| 16:12 | Build | Farm |
| 16:13 | Build | Farm |
| 16:14 | Build | Farm |
| 16:16 | Build | Farm |
| 16:17 | Build | Farm |
| 16:18 | Build | Farm |
| 16:22 | Create | Villager (Male) |
| 16:22 | Create | Villager (Male) |
| 16:22 | Create | Villager (Male) |
| 17:15 | Create | Villager (Male) |
| 17:15 | Create | Villager (Male) |
| 17:54 | Create | Villager (Male) |
| 17:55 | Create | Villager (Male) |
| 18:12 | Build | Mining Camp |
| 18:27 | Research | Castle Age |
| 18:43 | Research | Double-Bit Axe |
| 18:58 | Build | Farm |
| 19:18 | Create | Villager (Male) ×5 |
| 19:45 | Build | Farm |
| 19:46 | Build | Farm |
| 19:46 | Build | Farm |
| 19:47 | Build | Farm |
| 19:48 | Build | Farm |
| 21:08 | Age | Castle Age |
| 21:12 | Build | House |
| 21:13 | Build | House |
| 21:32 | Build | Monastery |
| 21:37 | Build | University |
| 21:44 | Build | Town Center |
| 22:04 | Build | Town Center |
| 22:11 | Research | Bow Saw |
| 22:18 | Research | Town Watch |
| 22:19 | Research | Wheelbarrow |
| 22:35 | Research | Horse Collar |
| 22:45 | Research | Caravan |
| 22:50 | Create | Trade Cart ×2 |
| 22:50 | Create | Trade Cart ×2 |
| 23:08 | Build | House |
| 23:22 | Create | Monk |
| 23:50 | Create | Villager (Male) |
| 23:50 | Create | Villager (Male) |
| 23:51 | Create | Villager (Male) |
| 23:52 | Create | Villager (Male) |
| 23:56 | Create | Villager (Male) |
| 23:56 | Create | Villager (Male) |
| 23:57 | Create | Villager (Male) |
| 23:57 | Create | Villager (Male) |
| 23:58 | Create | Villager (Male) |
| 23:58 | Create | Villager (Male) |
| 24:04 | Build | Farm |
| 24:29 | Build | Palisade Wall |
| 24:34 | Build | Palisade Wall |
| 24:41 | Build | Palisade Wall |
| 24:46 | Build | Palisade Wall |
| 24:47 | Build | Palisade Wall |
| 24:49 | Build | Palisade Wall |
| 24:58 | Build | Palisade Wall |
| 24:59 | Build | Palisade Wall |
| 25:00 | Build | Palisade Wall |
| 25:11 | Build | Palisade Wall |
| 25:23 | Create | Villager (Male) |
| 25:23 | Create | Villager (Male) |
| 25:24 | Create | Villager (Male) |
| 25:24 | Create | Villager (Male) |
| 25:31 | Create | Villager (Male) |
| 25:31 | Create | Villager (Male) |
| 25:32 | Create | Villager (Male) |
| 25:32 | Create | Villager (Male) |
| 25:32 | Create | Villager (Male) |
| 25:34 | Create | Villager (Male) |
| 25:35 | Create | Villager (Male) |
| 26:09 | Build | Farm |
| 26:09 | Build | Farm |
| 26:10 | Build | Farm |
| 26:10 | Build | Farm |
| 26:11 | Build | Farm |
| 26:12 | Build | Farm |
| 26:13 | Build | Farm |
| 26:38 | Create | Villager (Male) |
| 26:39 | Create | Villager (Male) |
| 26:48 | Build | Farm |
| 26:49 | Build | Farm |
| 26:49 | Build | Farm |
| 26:50 | Build | Farm |
| 26:51 | Build | Farm |
| 26:51 | Build | Farm |
| 26:52 | Build | Farm |
| 26:53 | Build | Farm |
| 27:01 | Build | House |
| 27:01 | Build | House |
| 27:02 | Build | House |
| 27:02 | Build | House |
| 27:02 | Build | House |
| 27:03 | Build | House |
| 27:03 | Build | House |
| 27:11 | Research | Heavy Plow |
| 27:15 | Research | Ballistics |
| 27:15 | Research | Fortified Wall (upgrade) |
| 27:20 | Research | Murder Holes |
| 27:42 | Build | Barracks |
| 27:48 | Build | Siege Workshop |
| 27:55 | Create | Villager (Male) |
| 27:56 | Create | Villager (Male) |
| 27:56 | Create | Villager (Male) |
| 27:58 | Create | Villager (Male) |
| 27:58 | Create | Villager (Male) |
| 28:01 | Create | Villager (Male) |
| 28:01 | Create | Villager (Male) |
| 28:01 | Create | Villager (Male) |
Build order — danielcfelipe
First 150 of 330 actions detected
| 0:13 | Build | House |
| 0:17 | Build | House |
| 0:19 | Create | Villager (Male) |
| 0:19 | Create | Villager (Male) |
| 0:19 | Create | Villager (Male) |
| 0:19 | Create | Villager (Male) |
| 0:20 | Create | Villager (Male) |
| 0:27 | Build | Settlement |
| 0:31 | Research | Loom |
| 0:35 | Create | Villager (Male) |
| 0:35 | Create | Villager (Male) |
| 0:35 | Create | Villager (Male) |
| 0:36 | Create | Villager (Male) |
| 1:46 | Build | Outpost |
| 2:12 | Build | Palisade Wall |
| 2:23 | Build | Palisade Wall |
| 2:31 | Create | Villager (Male) |
| 3:10 | Create | Villager (Male) |
| 3:10 | Create | Villager (Male) |
| 3:23 | Build | Palisade Wall |
| 3:55 | Create | Villager (Male) |
| 3:55 | Create | Villager (Male) |
| 4:28 | Create | Villager (Male) |
| 5:01 | Create | Villager (Male) |
| 5:01 | Create | Villager (Male) |
| 5:01 | Create | Villager (Male) |
| 5:47 | Create | Villager (Male) |
| 6:29 | Build | Settlement |
| 6:33 | Create | Villager (Male) |
| 7:08 | Create | Villager (Male) |
| 7:15 | Create | Villager (Male) |
| 7:45 | Create | Villager (Male) |
| 8:16 | Build | House |
| 8:26 | Create | Villager (Male) |
| 8:33 | Create | Villager (Male) |
| 8:57 | Create | Villager (Male) |
| 9:25 | Create | Villager (Male) |
| 10:25 | Create | Villager (Male) |
| 10:51 | Create | Villager (Male) |
| 10:56 | Research | Feudal Age |
| 11:43 | Build | Barracks |
| 12:54 | Build | House |
| 13:03 | Create | Villager (Male) |
| 13:03 | Create | Villager (Male) |
| 13:06 | Age | Feudal Age |
| 13:23 | Build | Archery Range |
| 14:28 | Build | Watch Tower |
| 14:41 | Build | Settlement |
| 14:46 | Create | Villager (Male) |
| 14:46 | Create | Villager (Male) |
| 15:18 | Build | Blacksmith |
| 15:38 | Create | Villager (Male) |
| 16:02 | Build | Settlement |
| 16:06 | Create | Villager (Male) |
| 16:17 | Create | Archer |
| 16:19 | Create | Archer |
| 16:21 | Create | Archer |
| 16:47 | Build | Stone Wall |
| 16:52 | Research | Castle Age |
| 17:00 | Create | Archer |
| 17:30 | Create | Villager (Male) |
| 17:46 | Build | Stone Wall |
| 17:52 | Build | Gate |
| 18:04 | Build | Stone Wall |
| 18:14 | Create | Archer |
| 18:16 | Create | Archer |
| 18:17 | Create | Archer |
| 18:22 | Research | Double-Bit Axe |
| 18:28 | Research | Stone Mining |
| 18:53 | Research | Fletching |
| 19:20 | Create | Villager (Male) |
| 19:32 | Age | Castle Age |
| 19:48 | Build | Siege Workshop |
| 20:10 | Build | Town Center |
| 20:19 | Create | Villager (Male) |
| 20:20 | Create | Villager (Male) |
| 20:31 | Research | Squires |
| 20:36 | Build | House |
| 20:39 | Build | House |
| 20:44 | Create | Battering Ram |
| 20:52 | Create | Archer |
| 21:14 | Create | Villager (Male) |
| 22:25 | Create | Archer |
| 22:25 | Create | Archer |
| 22:28 | Create | Archer |
| 22:34 | Build | Farm |
| 22:42 | Build | Farm |
| 22:43 | Build | Farm |
| 22:45 | Build | Farm |
| 23:03 | Create | Archer |
| 23:10 | Build | Monastery |
| 23:28 | Create | Archer |
| 23:34 | Create | Villager (Male) |
| 24:08 | Create | Archer |
| 24:15 | Build | House |
| 24:18 | Build | House |
| 24:21 | Create | Mangonel |
| 24:28 | Build | Farm |
| 24:30 | Create | Villager (Male) |
| 24:44 | Create | Villager (Male) |
| 25:27 | Create | Battering Ram |
| 25:33 | Create | Monk |
| 25:33 | Create | Monk |
| 25:38 | Create | Villager (Male) |
| 25:40 | Build | Farm |
| 25:42 | Build | Farm |
| 25:46 | Create | Villager (Male) |
| 26:28 | Create | Archer |
| 26:28 | Create | Archer |
| 26:28 | Create | Archer |
| 26:29 | Create | Archer |
| 26:33 | Create | Battering Ram |
| 28:25 | Create | Battering Ram |
| 28:26 | Create | Battering Ram |
| 28:26 | Create | Battering Ram |
| 28:40 | Build | Castle |
| 29:03 | Build | Castle |
| 29:25 | Create | Archer |
| 29:25 | Create | Archer |
| 29:26 | Create | Archer |
| 29:42 | Create | Villager (Male) |
| 29:42 | Create | Villager (Male) |
| 29:43 | Create | Villager (Male) |
| 29:45 | Build | Farm |
| 29:48 | Build | Farm |
| 29:50 | Create | Villager (Male) |
| 29:50 | Create | Villager (Male) |
| 29:51 | Create | Villager (Male) |
| 30:26 | Research | Padded Archer Armor |
| 30:29 | Build | Farm |
| 30:32 | Create | Villager (Male) |
| 30:34 | Create | Villager (Male) |
| 30:36 | Build | Farm |
| 30:45 | Build | Farm |
| 30:47 | Create | Villager (Male) |
| 30:55 | Create | Villager (Male) |
| 31:08 | Create | Mangonel |
| 31:19 | Create | Unit 2579 |
| 31:19 | Create | Unit 2579 |
| 31:19 | Create | Unit 2579 |
| 31:19 | Create | Unit 2579 |
| 31:51 | Build | Farm |
| 32:00 | Create | Villager (Male) |
| 32:01 | Create | Villager (Male) |
| 32:01 | Create | Villager (Male) |
| 32:01 | Create | Villager (Male) |
| 32:26 | Research | Leather Archer Armor |
| 33:26 | Build | Settlement |
| 33:34 | Build | Farm |
| 33:36 | Create | Villager (Male) |
Build order — Lord Desolus
First 150 of 436 actions detected
| 0:03 | Create | Villager (Male) |
| 0:03 | Create | Villager (Male) |
| 0:09 | Build | House |
| 0:25 | Research | Loom |
| 0:25 | Create | Villager (Male) |
| 0:25 | Create | Villager (Male) |
| 0:26 | Create | Villager (Male) |
| 0:26 | Create | Villager (Male) |
| 0:28 | Build | House |
| 1:23 | Build | Palisade Wall |
| 1:28 | Build | Palisade Gate |
| 1:36 | Build | House |
| 2:18 | Create | Villager (Male) |
| 2:18 | Create | Villager (Male) |
| 2:48 | Create | Villager (Male) |
| 2:49 | Create | Villager (Male) |
| 3:36 | Create | Villager (Male) |
| 3:37 | Create | Villager (Male) |
| 3:51 | Create | Villager (Male) |
| 3:51 | Create | Villager (Male) |
| 4:01 | Build | Lumber Camp |
| 4:04 | Create | Villager (Male) |
| 4:04 | Create | Villager (Male) |
| 4:46 | Create | Villager (Male) |
| 4:46 | Create | Villager (Male) |
| 4:52 | Create | Villager (Male) |
| 4:53 | Create | Villager (Male) |
| 5:20 | Create | Villager (Male) |
| 5:20 | Create | Villager (Male) |
| 5:46 | Create | Villager (Male) |
| 5:46 | Create | Villager (Male) |
| 5:46 | Create | Villager (Male) |
| 5:59 | Build | Mill |
| 6:39 | Create | Villager (Male) |
| 6:40 | Create | Villager (Male) |
| 7:19 | Create | Villager (Male) |
| 7:32 | Build | House |
| 7:52 | Create | Villager (Male) |
| 8:18 | Create | Villager (Male) |
| 9:02 | Create | Villager (Male) |
| 9:28 | Create | Villager (Male) |
| 9:52 | Research | Feudal Age |
| 10:46 | Build | House |
| 11:33 | Build | Mining Camp |
| 11:43 | Build | Lumber Camp |
| 11:58 | Create | Villager (Male) |
| 11:59 | Create | Villager (Male) |
| 12:03 | Age | Feudal Age |
| 12:59 | Create | Villager (Male) |
| 13:25 | Create | Villager (Male) |
| 13:34 | Build | Barracks |
| 13:38 | Create | Villager (Male) |
| 13:53 | Build | House |
| 14:11 | Build | Blacksmith |
| 14:15 | Create | Villager (Male) |
| 14:55 | Build | Stable |
| 15:00 | Create | Villager (Male) |
| 15:33 | Research | Castle Age |
| 15:33 | Research | Castle Age |
| 16:01 | Research | Double-Bit Axe |
| 16:13 | Research | Gold Mining |
| 16:34 | Build | House |
| 16:42 | Research | Horse Collar |
| 17:00 | Build | House |
| 17:13 | Build | Farm |
| 17:15 | Build | Farm |
| 17:19 | Build | Farm |
| 17:24 | Build | House |
| 17:45 | Build | Mining Camp |
| 17:56 | Research | Stone Mining |
| 18:13 | Age | Castle Age |
| 18:15 | Research | Heavy Plow |
| 18:24 | Create | Villager (Male) |
| 18:49 | Create | Villager (Male) |
| 19:05 | Build | Farm |
| 19:07 | Build | Farm |
| 19:09 | Create | Villager (Male) |
| 19:15 | Build | Farm |
| 19:17 | Build | Farm |
| 19:19 | Build | Farm |
| 19:21 | Build | Farm |
| 19:25 | Build | Farm |
| 19:27 | Build | Farm |
| 19:38 | Create | Villager (Male) |
| 19:43 | Build | Farm |
| 19:46 | Build | Farm |
| 19:52 | Build | Farm |
| 19:56 | Build | Farm |
| 19:59 | Build | Farm |
| 20:12 | Build | House |
| 20:15 | Create | Villager (Male) |
| 20:22 | Build | Farm |
| 20:29 | Create | Knight |
| 20:48 | Create | Knight |
| 21:30 | Build | Castle |
| 21:34 | Create | Knight |
| 21:41 | Research | Wheelbarrow |
| 22:30 | Create | Teutonic Knight |
| 23:17 | Build | Siege Workshop |
| 23:21 | Create | Villager (Male) |
| 23:39 | Create | Villager (Male) |
| 23:43 | Research | Bow Saw |
| 23:46 | Create | Teutonic Knight |
| 24:06 | Create | Teutonic Knight |
| 24:09 | Create | Villager (Male) |
| 24:18 | Create | Villager (Male) |
| 24:40 | Create | Villager (Male) |
| 25:08 | Create | Teutonic Knight |
| 25:10 | Create | Knight |
| 25:17 | Create | Teutonic Knight |
| 25:19 | Create | Knight |
| 25:24 | Create | Battering Ram |
| 25:28 | Create | Villager (Male) |
| 25:40 | Create | Villager (Male) |
| 25:46 | Create | Knight |
| 25:47 | Create | Teutonic Knight |
| 25:58 | Create | Teutonic Knight |
| 26:01 | Create | Battering Ram |
| 26:16 | Build | Siege Workshop |
| 26:18 | Create | Teutonic Knight |
| 26:22 | Create | Knight |
| 26:26 | Create | Battering Ram |
| 26:41 | Create | Teutonic Knight |
| 27:05 | Create | Villager (Male) |
| 27:06 | Create | Villager (Male) |
| 27:16 | Build | Mining Camp |
| 27:37 | Build | Stable |
| 28:36 | Create | Battering Ram |
| 28:36 | Create | Battering Ram |
| 28:40 | Create | Teutonic Knight |
| 28:41 | Create | Teutonic Knight |
| 28:41 | Create | Knight |
| 29:27 | Create | Teutonic Knight |
| 29:28 | Create | Knight |
| 29:30 | Research | Squires |
| 29:31 | Research | Forging |
| 29:34 | Create | Battering Ram |
| 29:34 | Create | Battering Ram |
| 30:02 | Create | Villager (Male) |
| 30:02 | Create | Villager (Male) |
| 30:02 | Create | Villager (Male) |
| 30:19 | Build | Lumber Camp |
| 30:52 | Create | Knight |
| 30:52 | Create | Knight |
| 32:31 | Create | Knight |
| 32:31 | Create | Knight |
| 32:39 | Create | Villager (Male) |
| 32:42 | Research | Imperial Age |
| 32:46 | Research | Scale Mail Armor |
| 32:55 | Create | Knight |
Match timeline
| 1:22 | Cruzcerro3 · wall_segment Palisade Wall x4 |
| 1:23 | Lord Desolus · wall_segment Palisade Wall x11 |
| 1:27 | Cruzcerro3 · wall_segment Palisade Wall x14 |
| 1:38 | dangoca · wall_segment Palisade Wall x16 |
| 1:51 | dangoca · wall_segment Palisade Wall x8 |
| 2:12 | danielcfelipe · wall_segment Palisade Wall x10 |
| 2:23 | danielcfelipe · wall_segment Palisade Wall x7 |
| 2:57 | dangoca · wall_segment Palisade Wall x10 |
| 3:23 | danielcfelipe · wall_segment Palisade Wall x1 |
| 4:20 | Lence4 · wall_segment Palisade Wall x11 |
| 4:21 | dangoca · wall_segment Palisade Wall x1 |
| 5:20 | Lence4 · wall_segment Palisade Wall x1 |
| 8:25 | Lence4 · first_building Barracks |
| 10:32 | Mike_love · age_up feudal |
| 11:43 | danielcfelipe · first_building Barracks |
| 12:03 | Lord Desolus · age_up feudal |
| 13:06 | danielcfelipe · age_up feudal |
| 13:23 | danielcfelipe · first_building Archery Range |
| 13:34 | Lord Desolus · first_building Barracks |
| 14:09 | Cruzcerro3 · wall_segment Palisade Wall x6 |
| 14:12 | Cruzcerro3 · wall_segment Palisade Wall x11 |
| 14:55 | Lord Desolus · first_building Stable |
| 15:08 | Cruzcerro3 · age_up feudal |
| 15:23 | dangoca · wall_segment Palisade Wall x1 |
| 16:01 | dangoca · age_up feudal |
| 16:19 | dangoca · first_building Barracks |
| 16:36 | Lence4 · wall_segment Palisade Wall x1 |
| 16:47 | danielcfelipe · wall_segment Stone Wall x6 |
| 17:02 | Lence4 · wall_segment Palisade Wall x14 |
| 17:46 | danielcfelipe · wall_segment Stone Wall x11 |
| 17:56 | Mike_love · wall_segment Stone Wall x13 |
| 18:04 | danielcfelipe · wall_segment Stone Wall x1 |
| 18:13 | Lord Desolus · age_up castle |
| 19:32 | danielcfelipe · age_up castle |
| 19:48 | danielcfelipe · first_building Siege Workshop |
| 19:51 | Lence4 · age_up feudal |
| 19:52 | Mike_love · age_up castle |
| 20:26 | Mike_love · wall_segment Stone Wall x11 |
| 20:43 | dangoca · wall_segment Stone Wall x17 |
| 20:46 | Mike_love · first_building Monastery |
| 20:51 | dangoca · wall_segment Stone Wall x6 |
| 21:08 | Cruzcerro3 · age_up castle |
| 21:30 | Lord Desolus · first_building Castle |
| 21:32 | Cruzcerro3 · first_building Monastery |
| 22:37 | Lence4 · wall_segment Stone Wall x24 |
| 22:45 | Mike_love · wall_segment Stone Wall x5 |
| 23:10 | danielcfelipe · first_building Monastery |
| 23:15 | dangoca · first_building Dock |
| 23:17 | Lord Desolus · first_building Siege Workshop |
| 23:47 | Mike_love · first_building Castle |
| 24:23 | dangoca · first_building Stable |
| 24:23 | Mike_love · first_building Barracks |
| 24:29 | Cruzcerro3 · wall_segment Palisade Wall x1 |
| 24:34 | Cruzcerro3 · wall_segment Palisade Wall x1 |
| 24:40 | Lence4 · first_building Archery Range |
| 24:41 | Cruzcerro3 · wall_segment Palisade Wall x1 |
| 24:46 | Cruzcerro3 · wall_segment Palisade Wall x1 |
| 24:47 | Cruzcerro3 · wall_segment Palisade Wall x1 |
| 24:49 | Cruzcerro3 · wall_segment Palisade Wall x1 |
| 24:58 | Cruzcerro3 · wall_segment Palisade Wall x1 |
| 24:59 | Cruzcerro3 · wall_segment Palisade Wall x1 |
| 25:00 | Cruzcerro3 · wall_segment Palisade Wall x1 |
| 25:11 | Cruzcerro3 · wall_segment Palisade Wall x1 |
| 25:24 | Lence4 · first_market_buy 100 food |
| 27:21 | Lence4 · wall_segment Stone Wall x4 |
| 27:42 | Cruzcerro3 · first_building Barracks |
| 27:48 | Cruzcerro3 · first_building Siege Workshop |
| 28:40 | danielcfelipe · first_building Castle |
| 28:58 | Lence4 · age_up castle |
| 29:01 | Cruzcerro3 · first_building Stable |
| 29:01 | dangoca · age_up castle |
| 29:16 | Cruzcerro3 · wall_segment Stone Wall x10 |
| 30:31 | Lence4 · first_building Monastery |
| 31:11 | Cruzcerro3 · wall_segment Stone Wall x15 |
| 31:14 | Cruzcerro3 · wall_segment Stone Wall x1 |
| 31:23 | Lence4 · wall_segment Stone Wall x9 |
| 31:40 | dangoca · first_building Castle |
| 32:36 | dangoca · first_building Siege Workshop |
| 32:56 | Mike_love · resign |
| 34:07 | Lence4 · wall_segment Stone Wall x9 |
| 34:29 | dangoca · first_building Monastery |
| 34:43 | Cruzcerro3 · age_up imperial |
| 35:11 | Lord Desolus · first_building Monastery |
| 35:37 | Lence4 · first_building Castle |
| 35:51 | Lence4 · wall_segment Stone Wall x32 |
| 35:52 | Lord Desolus · age_up imperial |
| 36:54 | Lence4 · wall_segment Stone Wall x14 |
| 39:40 | Lence4 · first_building Stable |
| 39:53 | Lence4 · wall_segment Stone Wall x11 |
| 40:27 | Lence4 · wall_segment Stone Wall x5 |
| 41:10 | Lence4 · wall_segment Stone Wall x8 |
| 41:27 | dangoca · age_up imperial |
| 42:44 | Lence4 · age_up imperial |
| 43:02 | Lence4 · first_market_sell 500 wood |
| 45:39 | dangoca · first_market_sell 100 food |
| 45:40 | danielcfelipe · age_up imperial |
| 50:20 | Lence4 · first_building Siege Workshop |
[ AI ANALYSIS · 1 CREDIT ]
What really happened in this match?
Wolo.gg analyzes every decision: build order, eco, micro, common mistakes by bracket. Personalized analysis on WhatsApp or Discord in 30 seconds.
Civ guide
Britons
Perfil
Jugador #6102868